 Dungeon Crawl Stone Soup version 0.28.0 (webtiles) character file.

Game seed: 8090511885275687905

86 Jepp2078 the Ruffian (level 4, 0/44 HPs)
             Began as a Troll Monk on Feb 16, 2022.
             Succumbed to a water moccasin's poison
             ... on level 3 of the Dungeon.
             The game lasted 00:03:40 (1515 turns).

Jepp2078 the Ruffian (Troll Monk)                   Turns: 1515, Time: 00:03:41

Health: 0/44       AC:  4    Str: 21    XL:     4   Next: 27%
Magic:  3/3        EV: 10    Int:  6    God:
Gold:   124        SH:  0    Dex: 12    Spells: 3/3 levels left

rFire   + + .      SeeInvis .     - Unarmed
rCold   . . .      Faith    .   (no shield)
rNeg    . . .      Spirit   .   a - +0 robe
rPois   .          Reflect  .   (helmet restricted)
rElec   .          Harm     .   (no cloak)
rCorr   .          Rampage  .   (gloves unavailable)
Will    .....                   (boots unavailable)
Stlth   ++........              (no amulet)
HPRegen 0.94/turn               d - ring of protection from fire
MPRegen 0.08/turn               k - ring of protection from fire

@: lethally poisoned (0 -> -2), about to teleport
A: large, unfitting armour, claws 3, regeneration 1, shaggy fur 1, tough skin 1
a: no special abilities


You were on level 3 of the Dungeon.
You visited 1 branch of the dungeon, and saw 3 of its levels.

You collected 124 gold pieces.

Inventory:

Armour
 a - a +0 robe (worn)
Jewellery
 d - a ring of protection from fire (left claw)
 k - a ring of protection from fire (right claw)
Scrolls
 i - a scroll of teleportation
 j - a scroll of holy word {unknown}
 m - a scroll of silence {unknown}
Potions
 l - a potion of lignification {unknown}


   Skills:
 - Level 2.4 Fighting
 - Level 2.4 Dodging
 - Level 1.0 Stealth
 + Level 5.1 Unarmed Combat


You had 3 spell levels left.
You didn't know any spells.
Your spell library contained the following spells:

 Spells                   Type           Power      Damage    Failure   Level
 Ensorcelled Hibernation  Hex/Ice        0%         N/A       58%         2
 Spider Form              Tmut/Pois      0%         N/A       83%         3
 Anguish                  Hex/Necr       0%         N/A       99%         4


Dungeon Overview and Level Annotations

Branches:
Dungeon (3/15)

Altars:


Innate Abilities, Weirdness & Mutations

You are too large for most types of armour.
You have claws for hands.
Your natural rate of healing is unusually fast.
You are covered in fur. (AC +1)
You have tough skin. (AC +1)


Message History

There is a stone staircase leading up here.
You feel very sick. The water moccasin bites you. The water moccasin bites you!
* * * LOW HITPOINT WARNING * * *
You are lethally poisoned!
The water moccasin poisons you!
You feel much better.
You feel very sick.
Your kobold barely misses the water moccasin.
The water moccasin bites you but does no damage.
You scratch the water moccasin.
The water moccasin is lightly wounded.
You feel very sick.
Your kobold dissolves into shadows!
The water moccasin bites you.
You are more poisoned.
The water moccasin poisons you!
You feel very sick. The water moccasin closely misses you.
As you read the scroll labelled ECRI NUONT, it crumbles to dust.
It is a scroll of brand weapon.
You aren't carrying any weapons that can be branded.
You feel very sick. The water moccasin bites you!
* * * LOW HITPOINT WARNING * * *
As you read the scroll labelled LOXINO SEMAE, it crumbles to dust.
You hear a loud clanging noise!
It was a scroll of noise.
You feel very sick.
You hear a shout!
The water moccasin bites you.
* * * LOW HITPOINT WARNING * * *
As you read the scroll labelled MERASA JUFETAK, it crumbles to dust.
You feel strangely unstable.
It was a scroll of teleportation.
* * * LOW HITPOINT WARNING * * *
You feel very sick.
The water moccasin bites you but does no damage.
The water moccasin bites you.
* * * LOW HITPOINT WARNING * * *
You die...

###...........##[##....###.....#
#####...######.##.##.# #.....#
#...# #w##.##.# #######
###...### ##.##.##.# #.......#
#...#.##.####
#.##.##.###...#........ #.
#..#.#.......##.###.
#.###.#.#..........# #
#.......#...@.S<####
#########.#####...###
.......##.### #...##
######...†..####...## #
####.#.........#
#.######...##### #### .#.
#........# ...# .# #.
##...##.#.# ##.# ## ###.......#


You could see a water moccasin (ally target) and a friendly worm (summoned).

Vanquished Creatures
  Jessica (D:2)
  An adder (D:3)
  A worm (D:3)
  A dart slug (D:1)
  5 ball pythons
  6 endoplasms
  A giant cockroach (D:1)
  3 goblins (D:1)
  5 hobgoblins
  4 kobolds
  4 quokkas
  2 bats
  4 frilled lizards
  4 rats
42 creatures vanquished.

Notes
Turn   | Place    | Note
-------+----------+-------------------------------------------
     0 | D:1      | Jepp2078 the Troll Monk began the quest for the Orb.
     0 | D:1      | Reached XP level 1. HP: 22/22 MP: 0/0
   100 | D:1      | Reached XP level 2. HP: 29/29 MP: 1/1
   185 | D:1      | Reached skill level 4 in Unarmed Combat
   353 | D:1      | Reached XP level 3. HP: 36/36 MP: 2/2
   641 | D:2      | Noticed Jessica
   647 | D:2      | Killed Jessica
   777 | D:2      | Found a faded altar of an unknown god.
  1030 | D:2      | Reached XP level 4. HP: 44/44 MP: 3/3
  1259 | D:3      | Reached skill level 5 in Unarmed Combat
  1463 | D:3      | Noticed a water moccasin
  1479 | D:3      | HP: 1/44 [water moccasin (5)]
  1514 | D:3      | HP: 2/44 [poisoned by a water moccasin]
  1515 | D:3      | Succumbed to a water moccasin's poison

Illustrated notes

Levels and vault maps discovered:
D:1:      minmay_arrival_nine_rooms, layout_rooms
D:2:      layout_basic, nicolae_ecumenical_pavilion, uniq_jessica
D:3:      minmay_evil_eye, layout_loops_cross, portal_sewer_entry_b

Skill      XL: |  1  2  3  4 |
---------------+-------------+-----
Unarmed Combat | 4 5 |  5.1
Fighting       | |  2.4
Dodging        | |  2.4
Stealth        | |  1.0

Action                   |  1- 3 |  4- 6 || total
-------------------------+-------+-------++-------
Melee: Unarmed           |    76 |    23 ||    99
       Punch             |     1 |       ||     1
  Use: Scroll            |       |     5 ||     5
       Potion            |       |     3 ||     3
 Stab: Sleeping          |     1 |     1 ||     2
Armor: Robe              |    16 |     7 ||    23
Dodge: Dodged            |    27 |    13 ||    40
